 Dungeon Crawl Stone Soup version 0.27-a0-1281-ge233d83751 (webtiles) character file.

Game seed: 17358410575016411456

10 sanka the Magician (level 2, 0/21 HPs)
             Began as a Djinni Necromancer on June 13, 2021.
             Slain by a jackal (3 damage)
             ... on level 1 of the Dungeon.
             The game lasted 00:01:06 (680 turns).

sanka the Magician (Djinni Necromancer)              Turns: 680, Time: 00:01:06

Health: 0/21       AC:  2    Str:  7    XL:     2   Next: 30%
Gold:   37         EV: 12    Int: 16    God:
                   SH:  0    Dex: 13

rFire    + + .     SeeInvis .   (no weapon)
rCold    x . .     Faith    .   (no shield)
rNeg     . . .     Spirit   .   a - +0 robe
rPois    ∞         Reflect  .   (no helmet)
rElec    .         Harm     .   (no cloak)
rCorr    .         Rampage  .   (no gloves)
Will     +....                  (boots unavailable)
Stlth    ++........             (no amulet)
HPRegen  0.07/turn              (no ring)
MPRegen  0.00/turn              b - ring of willpower

@: flying
A: sickness immunity, fire resistance 2, cold vulnerability 1, float, innate
caster, hp casting, extra vitality 1
a: no special abilities


You were on level 1 of the Dungeon.
You visited 1 branch of the dungeon, and saw 1 of its levels.

You collected 37 gold pieces.


Innate Abilities, Weirdness & Mutations

You are immune to sickness and miasma.
You are immune to poison.
Your flesh is very heat resistant. (rF++)
You are vulnerable to cold. (rC-)
You float through the air rather than walking.
You learn spells naturally, not from books.
Your magical power is your life essence.
You have superior vitality. (+4 HP)


   Skills:
 - Level 2.1 Dodging
 - Level 1.5 Stealth
 + Level 3.6 Spellcasting


You couldn't memorise any spells.
You knew the following spells:

 Your Spells              Type           Power      Damage    Failure   Level
c - Agony                 Necr           14%        N/A       73%         5
x - Vampiric Draining     Necr           7%         2d7       12%         3
z - Pain                  Necr           56%        1d6       4%          1
X - Animate Dead          Necr           7%         N/A       36%         4
Z - Animate Skeleton      Necr           28%        N/A       4%          1
Your spell library was empty.

Inventory:

Armour
 a - a +0 robe (worn)
Jewellery
 b - a ring of willpower (right hand)

Dungeon Overview and Level Annotations

Branches:
Dungeon (1/15)

Altars:

Shops:
D:1

* ▒▒▒ ▒▒.▒▒ ▒▒▒▒▒▒...▒▒ ▒▒▒▒▒▒▒▒▒
..........▒ ▒..h.hh.▒
▒▒▒▒▒....▒▒▒▒.▒▒▒▒▒.▒ ▒.....h.h.▒
▒.▒ ▒▒ ▒▒▒.▒▒▒▒▒▒▒▒▒▒▒.▒▒▒▒▒ ..
▒)▒ ▒.R.......▒ ▒. ▒▒▒'▒▒
▒h▒▒▒.▒▒▒.▒ ▒. ▒.∩..▒▒ ▒h▒
▒.▒▒▒.▒ ▒▒. ▒▒▒▒▒.....▒▒
▒h▒▒▒...▒.▒▒▒ ▒▒.. ...▒.......▒▒
▒.▒.........▒ ▒▒.▒.
▒▒..........▒▒▒.........▒.▒▒▒.▒▒▒
............h................▒▒ ▒
▒▒..........▒▒▒▒...▒▒..▒▒.▒▒▒.▒▒▒
.▒.▒.......▒▒▒▒▒.......▒▒.▒ ▒▒.▒.


You could see 3 jackals.


Message History

Unknown command.
Aiming: Pain (safe; 4% risk of failure)
Aim: a goblin, wielding a +0 dagger (chance to affect: 85%)
The goblin barely resists.
* * * LOW HITPOINT WARNING * * *
The goblin hits you but does no damage.
Unknown command.
Aiming: Pain (safe; 4% risk of failure)
Aim: a goblin, wielding a +0 dagger (chance to affect: 85%)
The goblin barely resists.
* * * LOW HITPOINT WARNING * * *
The goblin closely misses you.
Unknown command.
There is an open door here.
You aren't carrying any items that you can evoke.
You aren't carrying any potions.
The jackal stops to sniff the ground.
A jackal comes into view.
There is an open door here.
Aiming: Pain (safe; 4% risk of failure)
Aim: a goblin, wielding a +0 dagger (chance to affect: 85%)
The goblin writhes in agony.
You kill the goblin!
* * * LOW HITPOINT WARNING * * *
The jackal barely misses you.
There is an open door here.
The jackal barely misses you. The jackal closely misses you.
The jackal bites you.
You die...

Action                   || total
-------------------------++-------
Melee: Unarmed           ||    12
 Cast: Pain              ||    17
Armor: Robe              ||     2
Dodge: Dodged            ||    18

Levels and vault maps discovered:
D:1:      psy_arrival_radial01, layout_loops_corners, serial_shops, shop

Notes
Turn   | Place    | Note
-------+----------+-------------------------------------------
     0 | D:1      | sanka the Djinni Necromancer began the quest for the Orb.
     0 | D:1      | Reached XP level 1. HP: 15/15 MP: 0/0
   412 | D:1      | Found Quusa's Assorted Antiques.
   468 | D:1      | Reached XP level 2. HP: 15/21 MP: 0/0
   680 | D:1      | Slain by a jackal

Vanquished Creatures
  A bat (D:1)
  2 goblins (D:1)
  2 jackals (D:1)
  A quokka (D:1)
  3 rats (D:1)
9 creatures vanquished.
